 Dungeon Crawl Stone Soup version 0.31-a0-1074-g0b22e4e0f1 (webtiles) character file.

Game seed: 2932696845170661408

46 croobank the Conjurer (level 3, -1/36 HPs)
             Began as a Demonspawn Conjurer on Dec 2, 2023.
             Slain by Crazy Yiuf
             ... wielding a +3 quarterstaff of chaos
              (2 damage)
             ... on level 2 of the Dungeon.
             The game lasted 00:07:07 (1386 turns).

croobank the Conjurer (Demonspawn Conjurer)         Turns: 1386, Time: 00:07:08

Health: -1/36      AC: 21    Str:  7    XL:     3   Next: 46%
Magic:  6/6        EV:  2    Int: 21    God:
Gold:   137        SH:  0    Dex: 11    Spells: 0/6 levels left

rFire   + . .        e - +0 dagger
rCold   . . .        (no shield)
rNeg    . . .        a - melded +0 robe
rPois   +            (helmet currently unavailable)
rElec   .            (cloak currently unavailable)
rCorr   .            (gloves currently unavailable)
SInv    .            (boots currently unavailable)
Will    .....        (no amulet)
Stlth   ++           h - ring of protection from fire
HPRegen 0.26/turn    i - +5 ring of evasion
MPRegen 0.20/turn

%: no passive effects
@: tree-form, weak-willed
A: stationary, stasis, torment immunity, boosted hp, magic regeneration
a: no special abilities


You were on level 2 of the Dungeon.
You were a tree.
You visited 1 branch of the dungeon, and saw 2 of its levels.

You collected 137 gold pieces.

Inventory:

Hand Weapons
 b - a +0 sling
 e - a +0 dagger (weapon)
Missiles
 n - 3 poisoned darts
Armour
 a - a +0 robe (melded)
Jewellery
 h - a ring of protection from fire (left branch)
 i - a +5 ring of evasion (right branch)
 m - a ring of wizardry
Scrolls
 c - 2 scrolls of identify
 j - a scroll of teleportation


   Skills:
 + Level 0.2 Fighting
 + Level 2.2 Dodging
 + Level 2.3 Stealth
 + Level 2.4 Spellcasting
 + Level 4.3 Conjurations
 + Level 0.2 Hexes


You couldn't memorise any spells.
You knew the following spells:

 Your Spells              Type           Power      Damage    Failure   Level
a - Magic Dart            Conj           80%        1d7       2%          1
b - Searing Ray           Conj           40%        2d5       3%          2
c - Dazzling Flash        Conj/Hex       24%        N/A       17%         3

Your spell library contained the following spells:

 Spells                   Type           Power      Damage    Failure   Level
 Fulminant Prism          Conj/Hex       6%         3d7       50%         4
 Iskenderun's Mystic Bla  Conj/Tloc      11%        2d4       50%         4


Dungeon Overview and Level Annotations

Branches:
Dungeon (2/15)

Altars:

Annotations:
D:2 Crazy Yiuf


Innate Abilities, Weirdness & Mutations

You are a tree.
Your roots penetrate the ground, keeping you stationary.
You cannot be teleported.
You are immune to unholy pain and torment.
Your maximum health is greatly increased.
Your equipment is partially melded.
You regenerate magic rapidly.


Message History

Aim: Crazy Yiuf, wielding a +3 quarterstaff of chaos and wearing a +0 cloak of stealth (moderately wounded)
Okay, then.
You feel much better. Crazy Yiuf closely misses you.
Casting: Searing Ray (safe; 3% risk of failure)
Confirm with . or Enter, or press ? or * to list all spells.
You don't have enough magic to cast this spell.
You aren't carrying any items that you can evoke.
As you read the scroll labelled KAPREJ JOAWIEH, it crumbles to dust.
Magic quickly surges around you.
It was a scroll of vulnerability.
Crazy Yiuf hits you with a +3 quarterstaff of chaos.
You are poisoned.
You feel better.
Crazy Yiuf says, "Fluff!"
Crazy Yiuf hits you with a +3 quarterstaff of chaos!
Crazy Yiuf freezes you.
You turn into a tree.
Your +0 robe melds into your body.
Your roots penetrate the ground.
Crazy Yiuf hits you with a +3 quarterstaff of chaos!
* * * LOW HITPOINT WARNING * * *
Casting: Searing Ray (safe; 3% risk of failure)
Confirm with . or Enter, or press ? or * to list all spells.
Okay, then.
Unknown command.
As you read the scroll labelled BINGIW YLAQIO, it crumbles to dust.
You feel a strange sense of stasis.
It was a scroll of teleportation.
Crazy Yiuf hits you but does no damage.
Casting: Searing Ray (safe; 3% risk of failure)
Confirm with . or Enter, or press ? or * to list all spells.
Aiming: Magic Dart (safe; 2% risk of failure)
Press: ? - help, Shift-Dir - straight line, f/p - Crazy Yiuf
Aim: Crazy Yiuf, wielding a +3 quarterstaff of chaos and wearing a +0 cloak of stealth (moderately wounded, weak-willed, 100% to hit)
The magic dart hits Crazy Yiuf.
Crazy Yiuf is heavily wounded.
Crazy Yiuf barely misses you. Magic courses through your body.
Crazy Yiuf laughs, "Two mobile broken!"
Crazy Yiuf hits you with a +3 quarterstaff of chaos.
* * * LOW HITPOINT WARNING * * *
Crazy Yiuf freezes you.
You die...

~.~..#.# ..~..~.#
~.~..#.# ..#..#.# ###
..#..#.# #.. .....#..
#.# #.#.######## #####
♣♣####.# #.#........#
#)..#♣♣ ♣♣....#.##
#.#.########
#.g♣'.♣♣♣♣........#
..#.....(.##
#...#♣..♣......#..#
###........#
#####♣♣♣.♣....##..# #
#......###
♣♣♣♣♣####..#
####.......# ###..#
...........###########
#....#
############.........#
###†###
.....(...............#
#.†...
....#########........#
#..###


You could see Crazy Yiuf (weak-willed).

Vanquished Creatures
  An adder (D:2)
  A worm (D:2)
  A dart slug (D:2)
  A ball python (D:1)
  4 endoplasms
  2 giant cockroaches
  4 goblins
  A hobgoblin (D:2)
  4 kobolds
  2 quokkas
  3 bats
  3 frilled lizards (D:2)
  4 rats
31 creatures vanquished.

Notes
Turn   | Place    | Note
-------+----------+-------------------------------------------
     0 | D:1      | croobank the Demonspawn Conjurer began the quest for the
                  | Orb.
     0 | D:1      | Reached XP level 1. HP: 13/13 MP: 3/3
   279 | D:1      | Gained mutation: You regenerate magic rapidly. [demonic
                  | ancestry]
   279 | D:1      | Reached XP level 2. HP: 16/19 MP: 0/5
   527 | D:1      | Learned a level 2 spell: Searing Ray
  1010 | D:2      | Reached XP level 3. HP: 24/24 MP: 4/6
  1014 | D:2      | Learned a level 3 spell: Dazzling Flash
  1370 | D:2      | Found a runed translucent door.
  1371 | D:2      | Noticed Crazy Yiuf
  1386 | D:2      | HP: 1/36 [Crazy Yiuf/+3 quarterstaff of chaos (4)]
  1386 | D:2      | Slain by Crazy Yiuf

Illustrated notes

Levels and vault maps discovered:
D:1:      amcnicky_arrival_double_pillar, layout_basic,
          hangedman_decor_clover_reticule
D:2:      minmay_evil_eye, layout_basic, chequers_serial_rivers_marsh,
          uniq_jessica, uniq_crazy_yiuf_cottage

Skill      XL: |  1 |
---------------+----+-----
Stealth        | 2 |  2.3
Dodging        | 2 |  2.2
Fighting       | |  0.2
Spellcasting   | |  2.4
Conjurations   | |  4.3
Hexes          | |  0.2

Action                     || total
---------------------------++-------
  Melee: Dagger            ||     8
   Cast: Magic Dart        ||    41
         Searing Ray       ||    11
         Dazzling Flash    ||     1
    Use: Scroll            ||     5
         Potion            ||     4
   Stab: Sleeping          ||     1
 Armour: Robe              ||     9
         Skin              ||     3
  Dodge: Dodged            ||    10

Table legend: (Time is in decaauts)
 A = Elapsed time spent in this place.
 B = Non-inter-level travel time spent in this place.
 C = Inter-level travel time spent in this place.
 D = Time resting spent in this place.
 E = Time spent auto-exploring this place.
 F = Levels seen in this place.
 G = Mean time per level.
                   A        B        C        D        E       F      G
               +--------+--------+--------+--------+--------+-----+--------+
         Total |   1385 |   1351 |     34 |    245 |    844 |   2 |  692.5 |
       Dungeon |   1385 |   1351 |     34 |    245 |    844 |   2 |  692.5 |
               +--------+--------+--------+--------+--------+-----+--------+

Top non-repeatable levels by time:
     D:2: 761 daAuts
     D:1: 623 daAuts
